 Dungeon Crawl Stone Soup version 0.17-a0-737-gf0a300a (webtiles) character file.

24405 PolkaDot the Brawler (level 12, -6/112 HPs)
             Began as a Purple Draconian Gladiator on Apr 23, 2015.
             Was a High Priest of Yredelemnul.
             Mangled by Donald
             ... wielding a +0 long sword
              (17 damage)
             ... on level 13 of the Dungeon.
             The game lasted 00:48:38 (16149 turns).

PolkaDot the Brawler (Purple Draconian Gladiator)  Turns: 16149, Time: 00:48:38

Health: -6/112     AC: 18    Str: 21    XL:     12   Next: 80%
Magic:  0/19       EV: 14    Int: 11    God:    Yredelemnul [*****.]
Gold:   1010       SH:  0    Dex: 14    Spells: 1 memorised, 10 levels left

rFire  . . .     SeeInvis .       - Unarmed
rCold  . . .     Clarity  .     (armour unavailable)
rNeg   . . .     SustAb   .     (no shield)
rPois  +         Gourm    .     a - +2 hat
rElec  .         Spirit   +     F - +2 cloak
rCorr  .         Warding  .     C - +2 pair of gloves
rMut   .         Stasis   .     (no boots)
MR     +....                    y - amulet of guardian spirit
Stlth  +.........               E - +2 ring of protection
                                D - +3 ring of strength

@: confused, flying, somewhat resistant to hostile enchantments, very unstealthy
A: breathe power, unfitting armour, big wings, stinger 1, talons 1, poison
resistance, cold-blooded, placid magic 2, AC +8
a: Breathe Dispelling Energy, Stop Flying, Animate Dead, Recall Undead Slaves,
Injury Mirror, Drain Life, Enslave Soul, Renounce Religion


You were on level 13 of the Dungeon.
You worshipped Yredelemnul.
Yredelemnul was extremely pleased with you.
You were not hungry.

You visited 1 branch of the dungeon, and saw 13 of its levels.
You also visited: Sewer and Bailey.

You collected 1010 gold pieces.

Inventory:

Missiles
 b - 6 throwing nets (quivered)
Armour
 a - a +2 hat (worn)
 C - a +2 pair of gloves (worn)
 F - a +2 cloak (worn)
Jewellery
 y - an amulet of guardian spirit (around neck)
 z - an uncursed ring of flight
 D - a +3 ring of strength (left hand)
 E - a +2 ring of protection (right hand)
Magical devices
 f - a wand of confusion (14)
 r - a wand of fireball (15)
 B - a wand of flame (27)
 H - a wand of draining (0)
 I - a wand of paralysis (7)
 K - a wand of fire (0)
 O - a wand of magic darts (21)
Scrolls
 h - 2 scrolls of fear
 j - 8 scrolls of remove curse
 k - a scroll of acquirement {unknown}
 m - a scroll of immolation
 n - a scroll of amnesia
 p - a scroll of blinking
 q - 2 scrolls of magic mapping
 u - a scroll of enchant weapon {unknown}
 w - a scroll of recharging
 A - 4 scrolls of teleportation
 N - a scroll of enchant armour
 P - a scroll of holy word {unknown}
Potions
 d - a potion of magic
 e - 3 potions of agility {unknown}
 g - a potion of lignification {unknown}
 l - a potion of resistance {unknown}
 o - 2 potions of haste
 t - a potion of cancellation
 x - 2 potions of brilliance
 G - a potion of restore abilities
 J - a potion of cure mutation {unknown}
 L - a potion of beneficial mutation {unknown}
 M - 2 potions of experience {unknown}
Comestibles
 c - 11 bread rations
 i - 4 meat rations
 v - 8 beef jerkies
 Q - 2 chunks of flesh


   Skills:
 + Level 11.9 Fighting
 - Level 1.7 Throwing
 - Level 4.4 Dodging
 * Level 15.1 Unarmed Combat
 - Level 10.0 Invocations
 + Level 4.9 Evocations


You had 10 spell levels left.
You knew the following spells:

 Your Spells              Type           Power        Failure   Level  Hunger
a - Apportation           Tloc           #.........   11%         1    ##.....


Dungeon Overview and Level Annotations

Branches:
Dungeon (13/15)            Temple (0/1) D:4            Lair (0/8) D:9
    Orc (0/4) D:9          Vaults (0/5) D:13

Altars:
Cheibriados
Dithmenos
Elyvilon
Okawaru
Qazlal
Yredelemnul

Shops:
D:5 ([:(   D:12 (

Portals:
Trove: D:10 (give +4 demon blade)

Annotations:
D:13 Donald


Innate Abilities, Weirdness & Mutations

You can breathe bolts of dispelling energy.
Your rich purple scales are hard (AC +8).
Your body does not fit into most forms of armour.
You are cold-blooded and may be slowed by cold attacks.
Your large and strong wings let you fly indefinitely.
Your tail ends in a poisonous barb.
You have sharp toenails.
Your system is resistant to poisons.
Your spells are easier to cast, but less powerful.


Message History

You hit Donald. You claw Donald, but do no damage.
Donald is severely wounded.
Your flying skull barely misses Donald.
The centaur warrior shoots an arrow.
The arrow hits your flying skull. Donald hits you with a long sword!!
* * * LOW MAGIC WARNING * * *;
* * * LOW HITPOINT WARNING * * *
Your flying skull hits Donald.
Your flying skull hits the human.
Your flying skull closely misses Donald.
Drink which item? (? for menu, Esc to quit)
You are confused.
You feel invigorated.
Your flying skull hits Donald!
The centaur warrior shoots an arrow.
The arrow hits your orc zombie!
Your orc zombie is destroyed!
Your flying skull closely misses the human.
Donald blocks your flying skull's attack.
The human closely misses your flying skull.
Donald blocks your flying skull's attack.
The ogre misses your flying skull. Donald hits you with a long sword!!
* * * LOW MAGIC WARNING * * *
You die...
Your body rises from the dead as a mindless zombie.

#..Jpp<.@...# #..p.<>.....#
#...pY......# #...........#
#...........# #?..........#
#.(...??..z.#
#.##.###.pzZ###############
........@@ZZ..........(...
.#.....zzZZ....(...(.(.).
##.##O##(##.)..#########
... #.##.)..# ....
#.####### .... #c# .. ... #
#.# ...


You could see Donald, a centaur warrior, a yak, a human, an ogre, 4 friendly
flying skulls, a friendly soldier ant zombie and 4 friendly human zombies.

Vanquished Creatures
  Rupert (D:13)
  Kirke (D:13)
  An orc warlord (Bailey)
  Nessos (D:13)
  3 slime creatures
  An unseen horror (D:11)
  2 hill giants
  A human zombie (D:13)
  2 ugly things (D:11)
  2 orc knights (Bailey)
  A cyclops (D:12)
  2 centaur zombies
  A troll (D:6)
  2 two-headed ogres
  A polar bear (shapeshifter) (D:13)
  Prince Ribbit (D:8)
  2 shadows
  Sigmund (D:2)
  6 yaks
  3 hogs (D:13)
  2 hungry ghosts
  6 humans (D:13)
  4 vampire mosquitoes (D:13)
  3 deep elf magi (D:12)
  2 hippogriffs
  3 soldier ants
  4 ice beasts
  4 sky beasts
  2 black bears (D:9)
  An eye of draining (D:13)
  6 ogres
  12 orc warriors
  A wasp (D:7)
  A phantom (D:9)
  6 centaurs
  5 big kobolds (Sewer)
  A hog zombie (D:13)
  Blork the orc (D:4)
  8 giant frogs
  A crocodile (D:12)
  A wyvern zombie (D:12)
  2 wyvern skeletons
  6 wights
  A yak zombie (D:13)
  3 scorpions
  16 killer bees
  2 giant frog zombies (D:7)
  5 crimson imps
  5 giant frog skeletons
  A centaur skeleton (D:4)
  4 orc priests
  6 hounds
  5 iguanas
  A soldier ant zombie (D:13)
  6 worker ants
  Terence (D:2)
  8 orc wizards
  A quasit (D:9)
  A hound zombie (D:6)
  A hound skeleton (D:4)
  15 adders
  22 gnolls
  2 river rats (Sewer)
  4 shadow imps
  8 oozes
  2 adder skeletons
  An adder zombie (D:9)
  7 worms
  10 giant geckos
  44 orcs
  3 ball pythons
  15 bats
  A bat skeleton (D:4)
  A bat zombie (D:6)
  3 giant cockroaches
  33 hobgoblins
  10 jackals
  4 quokkas
  2 giant newts
  A giant spore (D:12)
  22 goblins
  A jackal skeleton (D:5)
  A jackal zombie (D:6)
  23 kobolds
  A quokka zombie (D:7)
  20 rats
  2 ballistomycetes (D:12)
442 creatures vanquished.

Vanquished Creatures (collateral kills)
  A hydra (D:11)
  An unseen horror (D:11)
  A wizard (D:12)
  6 humans (D:13)
  An eye of draining (D:10)
  A black bear (D:7)
  A phantom (D:10)
  2 orc warriors (Bailey)
  A centaur (D:7)
  A wight (D:11)
  A scorpion (D:7)
  2 killer bees (D:10)
  An electric eel (D:7)
  A giant frog zombie (D:13)
  A centaur skeleton (D:10)
  2 hounds
  A giant frog skeleton (D:11)
  4 gnolls
  2 adders
  10 orcs
  3 hobgoblins (Bailey)
  A bat (D:10)
  3 goblins (Bailey)
  A kobold (D:9)
49 creatures vanquished.

Vanquished Creatures (others)
  A flying skull (D:13)
  A hog zombie (D:13)
  A giant frog (D:13)
  A yak zombie (D:13)
  A hippogriff zombie (D:12)
  2 wights
  3 killer bee zombies
  A hound skeleton (D:10)
  A mummy (Bailey)
  2 gnoll zombies (Bailey)
  6 goblin zombies (Bailey)
  9 hobgoblin zombies (Bailey)
  8 orc zombies
37 creatures vanquished.

Grand Total: 528 creatures vanquished

Notes
Turn   | Place    | Note
--------------------------------------------------------------
     0 | D:1      | PolkaDot, the Draconian Gladiator, began the quest for the Orb.
     0 | D:1      | Reached XP level 1. HP: 17/17 MP: 1/1
   250 | D:1      | Reached XP level 2. HP: 24/24 MP: 2/2
  1251 | D:2      | Reached XP level 3. HP: 26/30 MP: 3/3
  1255 | D:2      | Noticed Sigmund
  1275 | D:2      | Killed Sigmund
  1275 | D:2      | Reached skill level 4 in Unarmed Combat
  1275 | D:2      | Reached XP level 4. HP: 3/38 MP: 4/4
  1275 | D:2      | Reached XP level 5. HP: 3/45 MP: 5/5
  1759 | D:2      | Reached skill level 5 in Unarmed Combat
  1795 | D:2      | Noticed Terence
  1849 | D:2      | Killed Terence
  2469 | D:3      | Reached XP level 6. HP: 41/52 MP: 6/6
  3352 | D:4      | Reached skill level 6 in Unarmed Combat
  3497 | D:4      | Your scales start taking on a rich purple colour.
  3497 | D:4      | Reached XP level 7. HP: 21/60 MP: 3/7
  3877 | D:4      | Found a basalt altar of Yredelemnul.
  3885 | D:4      | Became a worshipper of Yredelemnul the Dark
  3961 | D:4      | Noticed Blork the orc
  4006 | D:4      | Killed Blork the orc
  4172 | D:4      | Reached skill level 1 in Invocations
  4205 | D:4      | Reached skill level 5 in Fighting
  4519 | D:4      | Found a snail-covered altar of Cheibriados.
  4582 | D:4      | Found a staircase to the Ecumenical Temple.
  4659 | D:4      | Acquired Yredelemnul's first power
  4869 | D:4      | Reached skill level 7 in Unarmed Combat
  4883 | D:4      | Learned a level 1 spell: Apportation
  5153 | D:5      | Entered Level 5 of the Dungeon
  5216 | D:5      | Found a glowing drain.
  5220 | Sewer    | Entered a sewer
  5290 | Sewer    | Reached XP level 8. HP: 45/69 MP: 5/9
  6203 | D:5      | Found Cuzxoxem's Book Shoppe.
  6214 | D:5      | Found Diteun's Antique Weapon Shoppe.
  6244 | D:5      | Reached skill level 8 in Unarmed Combat
  6262 | D:5      | Found Gedybaw's Antique Armour Shop.
  6316 | D:5      | Acquired Yredelemnul's second power
  6403 | D:5      | Found Leowaoq's Weapon Boutique.
  6880 | D:6      | Found a stormy altar of Qazlal.
  6915 | D:6      | Noticed a troll
  6931 | D:6      | Reached XP level 9. HP: 42/78 MP: 8/12
  6975 | D:6      | Killed a troll
  6975 | D:6      | Reached skill level 9 in Unarmed Combat
  7505 | D:6      | Reached skill level 5 in Invocations
  7721 | D:6      | Found a stormy altar of Qazlal.
  7721 | D:6      | Found a white marble altar of Elyvilon.
  8269 | D:7      | Reached skill level 10 in Unarmed Combat
  8497 | D:7      | Paralysed by a wasp for 3 turns
  8699 | D:7      | Acquired Yredelemnul's third power
  9160 | D:7      | Reached XP level 10. HP: 32/88 MP: 6/14
 10130 | D:8      | Noticed Prince Ribbit
 10137 | D:8      | Killed Prince Ribbit
 10314 | D:8      | Reached skill level 11 in Unarmed Combat
 11038 | D:9      | Received a gift from Yredelemnul
 11289 | D:9      | Found a staircase to the Orcish Mines.
 11315 | D:9      | Found a staircase to the Lair.
 11497 | D:9      | Acquired Yredelemnul's fourth power
 11575 | D:10     | Entered Level 10 of the Dungeon
 11667 | D:10     | Noticed a hill giant
 11675 | D:10     | Killed a hill giant
 11755 | D:10     | Gained mutation: You tend to lose your temper in combat. [mutagenic meat]
 11757 | D:10     | Gained mutation: Your tail ends in a poisonous barb. [mutagenic meat]
 11758 | D:10     | Gained mutation: Your spells are a little easier to cast, but a little less powerful. [mutagenic meat]
 11759 | D:10     | Gained mutation: You have sharp toenails. [mutagenic meat]
 11760 | D:10     | Gained mutation: Your system is resistant to poisons. [mutagenic meat]
 12335 | D:10     | Received a gift from Yredelemnul
 12766 | D:10     | Reached skill level 12 in Unarmed Combat
 12949 | D:10     | Found a portal to a secret trove of treasure.
 13193 | D:11     | Gained mutation: Your spells are easier to cast, but less powerful. [mutagenic meat]
 13195 | D:11     | Gained mutation: Your large and strong wings let you fly indefinitely. [mutagenic meat]
 13196 | D:11     | Lost mutation: You tend to lose your temper in combat. [mutagenic meat]
 13251 | D:11     | Noticed a red ugly thing
 13255 | D:11     | Noticed a red ugly thing
 13276 | D:11     | Killed a white ugly thing
 13276 | D:11     | Reached XP level 11. HP: 58/97 MP: 9/17
 13282 | D:11     | Killed a white ugly thing
 13313 | D:11     | Killed an unseen horror
 13341 | D:11     | Found a flagged portal.
 13496 | Bailey   | Entered a bailey
 13568 | Bailey   | Received a gift from Yredelemnul
 13606 | Bailey   | Received a gift from Yredelemnul
 13761 | Bailey   | Acquired Yredelemnul's fifth power
 13761 | Bailey   | Received a gift from Yredelemnul
 14088 | Bailey   | Noticed an orc warlord
 14110 | Bailey   | Reached skill level 10 in Fighting
 14112 | Bailey   | Received a gift from Yredelemnul
 14121 | Bailey   | Killed an orc warlord
 14130 | Bailey   | Reached skill level 13 in Unarmed Combat
 14203 | Bailey   | Got a jewelled spear
 14204 | Bailey   | Identified the +7 spear "Ippushav" {pain, rElec} (You found it in a bailey)
 14338 | D:11     | Found an iron altar of Okawaru.
 14563 | D:11     | Noticed a four-headed hydra
 14570 | D:11     | Killed a four-headed hydra
 14590 | D:11     | Received a gift from Yredelemnul
 14756 | D:11     | Killed an unseen horror
 14830 | D:12     | Found a shadowy altar of Dithmenos.
 15085 | D:12     | Noticed a hill giant
 15098 | D:12     | Killed a hill giant
 15142 | D:12     | Received a gift from Yredelemnul
 15156 | D:12     | Noticed a wizard
 15181 | D:12     | Reached XP level 12. HP: 54/108 MP: 8/19
 15188 | D:12     | Killed a wizard
 15198 | D:12     | Identified the Grimoire of Sand
 15206 | D:12     | Identified Dispater's Compendium of Plaster Cramp
 15260 | D:12     | Identified Ts'ui PĂȘn's Papyrus of Forking Paths
 15304 | D:12     | Reached skill level 10 in Invocations
 15451 | D:12     | Found Peunk's Weapon Boutique.
 15582 | D:12     | Reached skill level 1 in Evocations
 15733 | D:13     | Found a gate to the Vaults.
 15733 | D:13     | Noticed Rupert
 15733 | D:13     | Noticed Donald
 15748 | D:12     | Reached skill level 14 in Unarmed Combat
 15781 | D:13     | Noticed Kirke
 15806 | D:13     | Killed Kirke
 15856 | D:13     | Noticed Nessos
 15886 | D:13     | Killed Nessos
 15931 | D:13     | Killed Rupert
 16082 | D:13     | Received a gift from Yredelemnul
 16090 | D:13     | Reached skill level 15 in Unarmed Combat
 16145 | D:13     | Noticed a centaur warrior
 16149 | D:13     | Mangled by Donald

Action                   |  1- 3 |  4- 6 |  7- 9 | 10-12 || total
-------------------------+-------+-------+-------+-------++-------
Melee: Unarmed           |   109 |   185 |   652 |   761 ||  1707
Throw: Throwing net      |       |       |     1 |       ||     1
Invok: Animate Dead      |       |       |     2 |    42 ||    44
       Injury Mirror     |       |       |       |     1 ||     1
       Enslave Soul      |       |       |       |     1 ||     1
 Abil: Breathe Dispellin |       |       |     9 |     4 ||    13
       Fly               |       |       |       |     1 ||     1
Evoke: Wand              |       |       |       |    17 ||    17
  Use: Potion            |     1 |     1 |     7 |     6 ||    15
       Scroll            |       |       |    16 |    14 ||    30
 Stab: Sleeping          |       |     1 |     1 |     4 ||     6
       Distracted        |       |       |     1 |     6 ||     7
       Held in net/web   |       |       |     1 |       ||     1
       Invisible         |       |       |       |     5 ||     5
       Paralysed         |       |       |       |     4 ||     4
       Fleeing           |       |       |       |     1 ||     1
  Eat: Chunk             |     1 |     8 |    16 |    24 ||    49
       Bread ration      |       |       |     1 |     2 ||     3
       Fruit             |       |       |       |     5 ||     5
       Beef jerky        |       |       |       |     1 ||     1
